 Dungeon Crawl Stone Soup version 0.31-a0-1540-g5a0b83f448 (webtiles) character file.

Game seed: 13848779282221552138

15708 Curundu the Carver (level 12, -3/107 HPs)
             Began as a Minotaur Berserker on Jan 1, 2024.
             Was a High Priest of Trog.
             Slain by Kirke (6 damage)
             ... on level 13 of the Dungeon.
             The game lasted 00:43:00 (11023 turns).

Curundu the Carver (Minotaur Berserker)            Turns: 11023, Time: 00:43:01

Health: -3/107     AC:  0    Str: 26 (27) XL:     12   Next: 3%
Magic:  11/11      EV: 15    Int:  4      God:    Trog [*****.]
Gold:   765        SH:  0    Dex:  8 (10) Spells: 11/11 levels left

rFire   . . .        h - melded +7 great mace (heavy)
rCold   . . .        (shield currently unavailable)
rNeg    . . .        i - melded +3 chain mail
rPois   .            (helmet currently unavailable)
rElec   .            b - melded scarf of Nuakump {repulsion, Str+7 Int+4}
rCorr   .            o - melded +0 pair of gloves
SInv    .            (boots currently unavailable)
Will    .....        C - amulet of regeneration
Stlth   ++           L - melded +4 ring of slaying
HPRegen 1.17/turn    y - melded +4 ring of protection
MPRegen 0.12/turn

%: no passive effects
@: pig-form, very quick
A: fast, no casting, small, (horns 2), (retaliatory headbutt), deterioration 1
a: Renounce Religion, Berserk, Trog's Hand, Brothers in Arms


You were on level 13 of the Dungeon.
You worshipped Trog.
Trog was extremely pleased with you.
You were a filthy swine.
You visited 1 branch of the dungeon, and saw 13 of its levels.
You also visited: Ossuary.

You collected 813 gold pieces.
You spent 48 gold pieces at shops.

Inventory:

Hand Weapons
 h - a +7 heavy great mace (melded)
Missiles
 u - 18 poisoned darts
 H - 4 boomerangs (quivered)
Armour
 b - the scarf of Nuakump (melded) {repulsion, Str+7 Int+4}
   (You acquired it on level 5 of the Dungeon)

   Str+7:     It affects your strength (+7).
   Int+4:     It affects your intelligence (+4).
 i - a +3 chain mail (melded)
 o - a +0 pair of gloves (melded)
 t - a +2 pair of gloves
 A - a +0 plate armour
 O - a scarf of shadows
Jewellery
 q - a +5 ring of evasion
 y - a +4 ring of protection (melded)
 C - an amulet of regeneration (around neck)
 L - a +4 ring of slaying (melded)
 N - a ring of flight
Wands
 a - a wand of roots (2)
 e - a wand of digging (2)
 P - a wand of quicksilver (8)
 Q - a wand of flame (26)
 R - a wand of polymorph (7)
 T - a wand of paralysis (6)
Scrolls
 d - 4 scrolls of revelation
 j - 3 scrolls of teleportation
 l - 3 scrolls of fog
 m - 2 scrolls of amnesia {unknown}
 n - 4 scrolls of enchant armour {unknown}
 p - 2 scrolls of brand weapon {unknown}
 v - 5 scrolls of enchant weapon {unknown}
 x - 2 scrolls of blinking
 z - 2 scrolls of fear
 E - a scroll of poison
 K - 4 scrolls of identify
Potions
 c - 4 potions of haste
 f - 7 potions of curing
 g - 2 potions of invisibility
 k - a potion of cancellation {unknown}
 r - a potion of magic {unknown}
 s - 4 potions of lignification
 w - 3 potions of might
 B - 3 potions of ambrosia {unknown}
 F - 3 potions of enlightenment {unknown}
 G - a potion of resistance {unknown}
 I - a potion of berserk rage {unknown}
 J - 4 potions of mutation {unknown}
 M - a potion of attraction {unknown}


   Skills:
 + Level 10.5 Fighting
 + Level 7.1(10.1) Short Blades
 + Level 12.2(13.1) Long Blades
 + Level 8.5 Maces & Flails
 + Level 2.3 Throwing
 + Level 10.8 Armour
 + Level 7.2 Dodging
 + Level 2.4 Stealth


You had 11 spell levels left.
You didn't know any spells.
Your spell library was empty.

Dungeon Overview and Level Annotations

Branches:
Dungeon (13/15)            Temple (0/1) D:6            Lair (0/5) D:8
    Orc (0/2) D:9         Ossuary (visited)
 Vaults: D:13-14

Altars:
Kikubaaqudgha
Ru
Trog
Wu Jian
Xom
Zin

Shops:
D:5 !   D:12 (

Annotations:
D:6 demibob's ghost, novice DsCK
D:10 1 transporter
D:13 Kirke


Innate Abilities, Weirdness & Mutations

You are a filthy swine.
You move quickly.
Your equipment is almost entirely melded.
You are incapable of wielding weapons or throwing items.
You cannot cast spells.
((You have a pair of horns on your head.))
((You reflexively headbutt those who attack you in melee.))
Your body sometimes deteriorates upon taking damage.


Message History

You feel a momentary urge to oink.
You hit Kirke.
Kirke is severely wounded.
Kirke mumbles some strange words.
Kirke summons a sphinx!
You completely miss Kirke.
Kirke is severely wounded.
You closely miss Kirke.
Kirke is severely wounded.
The sphinx casts a spell.
Something smites you! Kirke hits you!
Your body deteriorates!
You feel clumsy.
You hit Kirke.
Kirke is severely wounded.
The sphinx hits you!!
Your body deteriorates!
You feel weakened. The sphinx barely misses you. The sphinx hits you!
* * * LOW HITPOINT WARNING * * *
Kirke barely misses you.
You feel much better.
The sphinx casts a spell.
Something smites you!
* * * LOW HITPOINT WARNING * * *
Your body deteriorates!
You feel clumsy. Kirke hits you.
* * * LOW HITPOINT WARNING * * *
The sphinx hits you.
* * * LOW HITPOINT WARNING * * *
The sphinx hits you!
* * * LOW HITPOINT WARNING * * *
The sphinx hits you.
* * * LOW HITPOINT WARNING * * *
You barely miss the sphinx. Kirke casts a spell at you.
You feel a momentary urge to oink. The sphinx closely misses you.
The sphinx hits you!
* * * LOW HITPOINT WARNING * * *
The sphinx closely misses you.
You hit the sphinx but do no damage. Kirke hits you.
You die...

#.# # ... #. #.# #.####
###.## ##..... ....
....... #.##########.
....... #....<.......
.......######..#.###..##.
.......H@hH....#... ...
.......#######.##### #
....... #... .......
##### #######


You could see Kirke, a sphinx (summoned) and a manticore (summoned).

Vanquished Creatures
  Josephine (D:10)
  2 two-headed ogres
  An ugly thing (D:11)
  A deep elf pyromancer (D:12)
  A manticore (D:11)
  3 cyclopes
  2 unseen horrors (D:12)
  2 gargoyles
  2 komodo dragons
  Jeremiah (D:8)
  2 kobold demonologists
  2 trolls
  Sigmund (D:5)
  8 yaks
  3 wraiths (D:10)
  A wyvern (D:5)
  3 hogs (D:13)
  3 vampire mosquitoes (D:10)
  Menkaure (D:7)
  Duvessa (D:4)
  A water moccasin (D:9)
  A swamp drake (D:9)
  3 black bears
  5 orc warriors
  2 ice beasts
  An ogre (D:9)
  9 centaurs
  A phantom (D:6)
  4 bullfrogs
  4 kobold brigands
  A scorpion (D:5)
  A gnoll sergeant (D:12)
  7 wights
  Dowan (D:4)
  12 killer bees
  6 howler monkeys
  3 electric eels (D:10)
  A spectral centaur (D:6)
  2 bombardier beetles
  A centaur zombie (D:7)
  2 bullfrog zombies (Ossuary)
  2 bullfrog skeletons (D:7)
  7 orc priests
  3 hounds
  3 jellies
  2 sleepcaps
  2 gnoll boudas
  10 orc wizards
  Natasha (twice) (D:3)
  2 iguanas (D:7)
  3 scorpion zombies (D:7)
  A killer bee zombie (Ossuary)
  3 ogre zombies (D:7)
  3 crocodile zombies (Ossuary)
  5 hound zombies (Ossuary)
  2 howler monkey zombies (Ossuary)
  6 mummies
  9 gnolls
  A howler monkey skeleton (D:7)
  10 adders
  2 shadow imps
  3 white imps
  3 dart slugs (D:1)
  46 orcs
  6 bats
  10 endoplasms
  3 giant cockroaches
  5 goblins
  7 hobgoblins
  8 jackals
  13 kobolds
  7 quokkas
  9 ball pythons
  4 ball python zombies (Ossuary)
  2 frilled lizards (D:1)
  9 rats
322 creatures vanquished.

Vanquished Creatures (others)
  A komodo dragon (D:12)
  An orc wizard (D:12)
  2 orcs
4 creatures vanquished.

Grand Total: 326 creatures vanquished

Notes
Turn   | Place    | Note
-------+----------+-------------------------------------------
     0 | D:1      | Curundu the Minotaur Berserker began the quest for the Orb.
     0 | D:1      | Reached XP level 1. HP: 19/19 MP: 0/0
   145 | D:1      | Reached skill level 4 in Long Blades
   145 | D:1      | Reached XP level 2. HP: 27/27 MP: 1/1
   333 | D:1      | Reached ** piety under Trog
   341 | D:1      | Reached XP level 3. HP: 26/33 MP: 2/2
   881 | D:2      | Found an ancient bone altar of Kikubaaqudgha.
  1219 | D:3      | Noticed Natasha
  1229 | D:3      | Killed Natasha
  1230 | D:3      | Reached skill level 5 in Long Blades
  1230 | D:3      | Reached XP level 4. HP: 17/41 MP: 3/3
  1557 | D:3      | Noticed Natasha
  1565 | D:3      | Killed Natasha
  1566 | D:3      | Reached XP level 5. HP: 27/47 MP: 4/4
  2074 | D:4      | Found a sacrificial altar of Ru.
  2074 | D:4      | Found an ornate altar of the Wu Jian Council.
  2140 | D:4      | Found a bloodstained altar of Trog.
  2170 | D:4      | Reached XP level 6. HP: 15/51 MP: 5/5
  2385 | D:4      | Noticed Dowan
  2410 | D:4      | Reached skill level 5 in Fighting
  2410 | D:4      | Noticed Duvessa
  2426 | D:4      | Killed Duvessa
  2427 | D:4      | Reached skill level 1 in Short Blades
  2427 | D:4      | Reached skill level 6 in Long Blades
  2477 | D:4      | Killed Dowan
  2478 | D:4      | Reached skill level 5 in Armour
  2642 | D:4      | Reached *** piety under Trog
  2643 | D:4      | Reached XP level 7. HP: 59/61 MP: 6/6
  2770 | D:4      | Found a shimmering altar of Xom.
  3121 | D:5      | Entered Level 5 of the Dungeon
  3133 | D:5      | Found Xigh's Distillery.
  3140 | D:5      | Bought a potion of might for 48 gold pieces
  3145 | D:5      | Identified a scroll of acquirement
  3146 | D:5      | Acquired the scarf of Nuakump {repulsion, Str+7 Int+4}
  3376 | D:5      | Noticed Sigmund
  3389 | D:5      | Killed Sigmund
  3569 | D:5      | Reached XP level 8. HP: 69/69 MP: 7/7
  3575 | D:5      | Reached skill level 5 in Dodging
  3693 | D:5      | Reached skill level 1 in Stealth
  4465 | D:6      | Reached skill level 5 in Short Blades
  4480 | D:6      | Reached **** piety under Trog
  4696 | D:6      | Found a runed translucent gate.
  4696 | D:6      | Found a runed translucent gate.
  4697 | D:6      | Found a runed translucent gate.
  4701 | D:6      | Noticed demibob's ghost (novice DsCK)
  5023 | D:6      | Found a staircase to the Ecumenical Temple.
  5369 | D:6      | HP: 3/70 [demibob's ghost (19)]
  5454 | D:6      | Reached XP level 9. HP: 75/75 MP: 8/8
  5475 | D:7      | Noticed Menkaure
  5480 | D:7      | Killed Menkaure
  5789 | D:7      | Reached skill level 7 in Long Blades
  5970 | D:7      | Found a sand-covered staircase.
  5989 | Ossuary  | Entered an ossuary
  6232 | Ossuary  | Reached skill level 8 in Long Blades
  6238 | Ossuary  | Reached ***** piety under Trog
  6671 | D:8      | Noticed a two-headed ogre
  6683 | D:8      | Killed a two-headed ogre
  6684 | D:8      | Reached skill level 9 in Long Blades
  6710 | D:8      | Reached XP level 10. HP: 86/86 MP: 9/9
  6731 | D:8      | Reached skill level 10 in Long Blades
  6966 | D:8      | Found a staircase to the Lair.
  7141 | D:8      | Noticed Jeremiah
  7159 | D:8      | Killed Jeremiah
  7515 | D:9      | Reached skill level 11 in Long Blades
  7588 | D:9      | Found a staircase to the Orcish Mines.
  7869 | D:9      | Received a gift from Trog
  8414 | D:10     | Entered Level 10 of the Dungeon
  8414 | D:10     | Noticed Josephine
  8419 | D:10     | Reached skill level 1 in Maces & Flails
  8420 | D:10     | Reached skill level 12 in Long Blades
  8425 | D:10     | Killed Josephine
  8428 | D:10     | Reached XP level 11. HP: 56/97 MP: 10/10
  8806 | D:10     | Found a glowing silver altar of Zin.
  8829 | D:10     | Noticed a brown ugly thing
  8891 | D:10     | Noticed a centaur warrior
  8892 | D:10     | Noticed a centaur warrior
  8944 | D:10     | Found a transporter.
  9082 | D:10     | Noticed a boulder beetle
  9087 | D:10     | Noticed an ogre mage
  9095 | D:10     | Noticed a yaktaur captain
  9195 | D:10     | Noticed a tengu warrior
  9241 | D:11     | Reached skill level 1 in Throwing
  9243 | D:11     | Reached skill level 5 in Maces & Flails
  9444 | D:11     | Gained mutation: Your body sometimes deteriorates upon
                  | taking damage. [a neqoxec]
  9758 | D:11     | Reached skill level 10 in Fighting
  9770 | D:11     | Noticed a red ugly thing
  9777 | D:11     | Killed a red ugly thing
 10083 | D:11     | Reached skill level 10 in Armour
 10411 | D:12     | Noticed a two-headed ogre
 10414 | D:12     | Noticed a deep elf pyromancer
 10415 | D:12     | Killed a two-headed ogre
 10461 | D:12     | Killed a deep elf pyromancer
 10553 | D:12     | Found Kifaulio's Weapon Shoppe.
 10820 | D:12     | Reached XP level 12. HP: 107/107 MP: 11/11
 11001 | D:13     | Noticed Kirke
 11018 | D:13     | Noticed a sphinx
 11022 | D:13     | HP: 2/107 [sphinx[Kirke] (12)]
 11023 | D:13     | Slain by Kirke

Illustrated notes

Levels and vault maps discovered:
D:1:      tarquinn_simple_flora_water_d, layout_basic,
          chequers_serial_rivers_micro_c, hangedman_abyss_or_decor_lesser_grid,
          minmay_3d_cube
D:2:      layout_rooms, basic_altar, kennysheep_another_room,
          serial_park_tiny_pond
D:3:      layout_basic, bh_walls_and_bars, uniq_natasha
D:4:      layout_cave_pools, xom_confusion_cloud, grunt_temple_overflow_open,
          minmay_pentomino_pile, uniq_duvessa
D:5:      kennysheep_big_flooded_room, layout_loops_corners, serial_shops, shop,
          serial_bayou_ford_a, uniq_sigmund
D:6:      layout_basic, minmay_temple_entry_trees, gammafunk_ghost_necromancy
D:7:      layout_loops_ring, mainiacjoe_ossuary_entry_find_the_door,
          minmay_mini_ossuary, uniq_menkaure
D:8:      layout_loops_cross, lair_entry_dummy, uniq_jeremiah
D:9:      layout_roguey, erik_orc_1, minmay_misc_feat_ornament
D:10:     gammafunk_the_bubble [the_bubble_gammafunk_split], layout_basic,
          nicolae_overflow_hidden_temple, uniq_josephine
D:11:     layout_stronghold
D:12:     layout_rooms, serial_shops, shop
D:13:     layout_basic, grunt_vaults_entry_fortified,
          dreamdust_deal_with_the_devil, uniq_kirke, uniq_erolcha, uniq_azrael

Skill      XL: |  1  2  3  4  5  6  7  8  9 10 11 |
---------------+----------------------------------+-----
Long Blades    | 4 5 6 9 12 | 12.2
Fighting       | 4 5 6 7 9 10 | 10.5
Armour         | 3 4 5 6 8 9 10 | 10.8
Dodging        | 3 4 5 6 7 |  7.2
Short Blades   | 1 3 6 7 |  7.1
Stealth        | 1 2 |  2.4
Maces & Flails | 3 8 |  8.5
Throwing       | 2 |  2.3

Action                     |  1- 3 |  4- 6 |  7- 9 | 10-12 || total
---------------------------+-------+-------+-------+-------++-------
  Melee: Falchion          |    99 |    28 |       |       ||   127
         Headbutt          |    12 |    26 |    93 |    41 ||   172
         Punch             |     1 |       |     9 |     3 ||    13
         Short sword       |       |    73 |   225 |       ||   298
         Long sword        |       |       |   243 |   156 ||   399
         Great mace        |       |       |       |   136 ||   136
         Unarmed           |       |       |       |     9 ||     9
  Throw: Boomerang         |       |       |       |    23 ||    23
    Use: Scroll            |       |       |    11 |     6 ||    17
         Potion            |       |       |       |     5 ||     5
   Stab: Confused          |       |       |       |     1 ||     1
 Armour: Ring mail         |    69 |    75 |    45 |       ||   189
         Animal skin       |     1 |       |       |       ||     1
         Plate armour      |       |       |   146 |    66 ||   212
         Chain mail        |       |       |       |   335 ||   335
         Skin              |       |       |       |    10 ||    10
  Dodge: Dodged            |    67 |    98 |   296 |   350 ||   811
         Repelled          |       |       |     3 |     2 ||     5

Table legend: (Time is in decaauts)
 A = Elapsed time spent in this place.
 B = Non-inter-level travel time spent in this place.
 C = Inter-level travel time spent in this place.
 D = Time resting spent in this place.
 E = Time spent auto-exploring this place.
 F = Levels seen in this place.
 G = Mean time per level.
                   A        B        C        D        E       F      G
               +--------+--------+--------+--------+--------+-----+--------+
         Total |  11135 |  11135 |      0 |    391 |   7329 |  14 |  795.4 |
       Dungeon |  10743 |  10743 |      0 |    391 |   7178 |  13 |  826.4 |
       Ossuary |    392 |    392 |      0 |      0 |    151 |   1 |  392.0 |
               +--------+--------+--------+--------+--------+-----+--------+

Top non-repeatable levels by time:
    D:11: 1270 daAuts
     D:5: 1218 daAuts
     D:6: 1076 daAuts
     D:9: 1070 daAuts
     D:4: 1027 daAuts
    D:10: 869 daAuts
     D:3: 853 daAuts
     D:7: 844 daAuts
     D:1: 738 daAuts
     D:8: 662 daAuts
    D:12: 582 daAuts
     D:2: 487 daAuts
 Ossuary: 392 daAuts
    D:13: 42 daAuts
